Map: Triton LE

Players

acundelar

  • Race: Protoss Protoss
  • League: Silver
  • Spawn Location: 11:00

Ratl - Winner!

  • Race: Protoss Protoss
  • League: Silver
  • Spawn Location: 5:00

VOD

Have the link to the VOD?

Description

Time

  • Played on: Jan. 15, 2020, 1 p.m.
  • Length: 16:38
Show
View Real Time Build Order
Export as new Build Order

acundelar Protoss 

Build Orders: Carriers 

Get SALT Encoding   

  12  0:03  Probe  
  13  0:15  Probe  
  14  0:27  Probe  
  15  0:32  Pylon  
  15  0:37  Assimilator  
  16  0:50  Probe  
  16  1:02  Probe, Gateway  
  17  1:06  Pylon  
  17  1:14  Probe, Assimilator  
  18  1:32  Probe  
  19  1:44  Probe (Chrono Boost)  
  21  1:54  Cybernetics Core, Zealot  
  21  1:55  Probe (Chrono Boost)  
  21  1:58  Forge  
  21  2:00  Probe (Chrono Boost)  
  24  2:10  Probe  
  25  2:24  Gateway  
  25  2:28  Zealot  
  27  2:44  Pylon  
  27  3:05  Warp Gate (Chrono Boost)  
  26  3:23  Stalker  
  26  3:24  Stalker  
  30  3:27  Nexus  
  30  3:29  Pylon  
  30  3:32  Pylon  
  30  3:48  Photon Cannon  
  30  3:53  Photon Cannon  
  29  4:12  Stalker  
  31  4:26  Probe  
  33  4:40  Probe (Chrono Boost)  
  33  4:41  Probe (Chrono Boost)  
  33  4:42  Stalker  
  36  4:48  Protoss Ground Weapons Level 1  
  38  4:53  Probe (Chrono Boost)  
  38  4:54  Probe (Chrono Boost)  
  38  4:57  Probe (Chrono Boost)  
  39  5:02  Probe  
  40  5:08  Probe  
  40  5:12  Robotics Facility  
  41  5:14  Probe, Pylon  
  41  5:20  Probe, Stalker  
  45  5:22  Pylon, Stalker  
  45  5:26  Probe, Pylon  
  48  5:32  Probe  
  49  5:39  Assimilator  
  49  5:44  Probe  
  49  5:45  Assimilator  
  50  5:56  Probe, Twilight Council  
  51  5:58  Stalker x2  
  55  6:06  Gateway  
  55  6:08  Probe  
  56  6:16  Observer  
  57  6:30  Blink (Chrono Boost)  
  57  6:35  Stalker x2  
  57  6:37  Observer  
  62  6:45  Stargate  
  62  6:51  Pylon  
  63  7:08  Observer  
  63  7:14  Pylon  
  63  7:18  Protoss Ground Weapons Level 2 (Chrono Boost), Pylon  
  64  7:30  Observer  
  64  7:39  Stalker x2  
  64  7:41  Stalker  
  70  8:03  Fleet Beacon  
  70  8:10  Stargate  
  70  8:12  Zealot  
  72  8:13  Zealot x2  
  74  8:24  Charge  
  54  8:43  Stalker x3  
  60  8:49  Stargate  
  60  9:12  Photon Cannon  
  60  9:16  Photon Cannon  
  60  9:19  Photon Cannon  
  60  9:25  Zealot x3  
  66  9:33  Carrier x2  
  66  9:36  Carrier  
  66  9:38  Protoss Ground Weapons Level 3 (Chrono Boost)  
  84  10:19  Zealot x2  
  84  10:20  Zealot  
  96  10:43  Carrier x2  
  96  10:46  Zealot x2  
  96  10:47  Zealot  
  108  10:55  Shield Battery  
  108  10:57  Pylon  
  108  11:12  Protoss Air Weapons Level 1 (Chrono Boost)  
  108  11:34  Warp Prism  
  108  11:38  Nexus  
  110  11:41  Carrier  
  116  11:48  Pylon  
  116  11:51  Pylon  
  116  12:00  Pylon  
  116  12:03  Pylon  
  84  12:29  Stalker x2  
  82  12:30  Stalker  
Show
View Real Time Build Order
Export as new Build Order

Ratl Protoss - Winner!

Build Orders: Double Forge 

Get SALT Encoding   

  12  0:03  Probe  
  13  0:15  Probe  
  13  0:20  Pylon  
  14  0:27  Probe  
  15  0:38  Gateway  
  15  0:39  Probe  
  16  0:51  Probe  
  17  1:02  Assimilator  
  17  1:04  Probe  
  18  1:16  Probe, Gateway  
  19  1:19  Assimilator  
  19  1:25  Pylon  
  19  1:28  Probe  
  20  1:40  Probe  
  20  1:45  Cybernetics Core  
  21  1:52  Probe  
  22  2:04  Probe  
  23  2:16  Probe  
  24  2:31  Probe  
  24  2:35  Warp Gate (Chrono Boost)  
  24  2:36  Adept x2  
  29  2:44  Probe  
  30  2:56  Probe  
  31  3:15  Pylon  
  31  3:33  Probe  
  32  3:37  Robotics Facility  
  32  3:39  Adept x2  
  36  3:44  Nexus  
  36  3:45  Probe  
  36  3:47  Pylon  
  33  4:10  Probe  
  34  4:22  Probe  
  34  4:23  Stalker  
  34  4:24  Stalker  
  39  4:30  Gateway  
  39  4:34  Probe  
  39  4:37  Pylon  
  40  4:43  Forge  
  40  4:44  Forge  
  40  4:46  Probe  
  40  4:58  Probe  
  41  5:05  Probe  
  42  5:08  Pylon, Assimilator, Stalker x2  
  42  5:10  Probe  
  42  5:11  Protoss Ground Weapons Level 1 (Chrono Boost), Protoss Ground Armor Level 1 (Chrono Boost)  
  47  5:15  Warp Prism  
  47  5:17  Probe  
  50  5:25  Stalker  
  52  5:41  Photon Cannon  
  52  5:45  Twilight Council  
  52  5:56  Probe x2  
  54  5:58  Photon Cannon  
  54  6:00  Immortal  
  58  6:06  Stalker x3  
  64  6:15  Probe x2  
  66  6:25  Blink (Chrono Boost)  
  66  6:28  Probe  
  66  6:29  Probe  
  68  6:40  Probe  
  68  6:41  Probe  
  68  6:42  Assimilator  
  68  6:44  Nexus  
  70  6:51  Immortal  
  70  6:53  Probe x2  
  76  6:57  Protoss Ground Armor Level 2 (Chrono Boost)  
  76  6:58  Protoss Ground Weapons Level 2 (Chrono Boost)  
  76  7:05  Probe x2  
  78  7:22  Pylon  
  78  7:25  Pylon  
  78  7:28  Pylon  
  78  7:29  Pylon  
  78  7:32  Pylon  
  78  7:40  Probe x2  
  78  7:42  Pylon, Stalker  
  78  7:43  Stalker x2  
  86  7:52  Probe x2  
  88  8:02  Probe  
  88  8:04  Probe x2  
  91  8:14  Probe  
  91  8:16  Probe  
  89  8:28  Stalker  
  89  8:29  Stalker x2  
  75  8:42  Warp Prism  
  77  8:49  Stalker x3  
  77  8:54  Probe x2  
  77  8:55  Probe  
  86  9:00  Assimilator  
  86  9:01  Assimilator  
  86  9:06  Gateway  
  86  9:07  Gateway  
  86  9:08  Gateway  
  86  9:09  Gateway  
  86  9:10  Pylon  
  86  9:12  Immortal  
  86  9:20  Robotics Bay  
  90  9:24  Robotics Facility  
  90  9:35  Stalker x3  
  96  9:48  Nexus  
  96  9:50  Probe x3  
  99  9:56  Pylon  
  99  10:01  Stalker x4  
  99  10:03  Protoss Ground Weapons Level 3, Protoss Ground Armor Level 3  
  107  10:09  Assimilator  
  107  10:13  Assimilator  
  107  10:26  Stalker x2  
  107  10:27  Colossus (Chrono Boost), Stalker x3  
  107  10:28  Stalker x2  
  119  10:31  Colossus (Chrono Boost)  
  133  10:37  Extended Thermal Lance (Chrono Boost)  
  133  10:55  Stalker x6  
  133  10:56  Stalker  
  147  11:11  Immortal (Chrono Boost)  
  147  11:15  Immortal (Chrono Boost)  
  155  11:23  Resonating Glaives  
  155  11:31  Stalker  
  157  11:43  Immortal  
  161  11:47  Immortal  
  165  12:08  Stalker x5  
  159  12:09  Stalker  
  153  12:22  Stalker  
  137  12:36  Stalker x5  
  137  12:37  Stalker x2  
  133  13:39  Immortal x2  
  111  14:07  Stalker x5  
  111  14:08  Stalker x2  
  125  14:16  Warp Prism x2 (Chrono Boost)  
  111  14:38  Immortal x2 (Chrono Boost)  
  105  14:42  Stargate  
  105  14:43  Stargate  
  105  14:45  Stargate  
  97  14:47  Cybernetics Core  
  105  14:53  Pylon  
  105  15:02  Stalker  
  105  15:03  Stalker x6  
  119  15:13  Warp Prism  
  121  15:22  Gateway  
  121  15:23  Gateway  
  121  15:25  Gateway  
  121  15:27  Gateway  
  121  15:29  Pylon  
  121  15:31  Stalker x5  
  121  15:32  Stalker x2  
  121  15:35  Pylon  
  108  16:00  Stalker x2  
  108  16:01  Stalker x4  
  108  16:03  Stalker  
  115  16:17  Photon Cannon x2  
  113  16:19  Photon Cannon, Stalker x2  
  113  16:21  Photon Cannon  
  112  16:28  Stalker  
  112  16:29  Stalker x6  
Tags
 
Composition
Carriers
Matchup
PvP
Spawn Locations
Cross Positions
Add a new tag
Caveats
  • Supply blocks, unpowered buildings, or Contaminate may cause inaccurate times.
  • Supply counts are checked every 10 seconds.